 Dungeon Crawl Stone Soup version 0.29-a0-25-g7f48f51 (webtiles) character file.

Game seed: 10273592461280717988

275719 PublicAnimeNo1 the Earth Mage (level 19, -26/165 HPs)
             Began as a Grey Draconian Conjurer on Dec 10, 2021.
             Was the Champion of Vehumet.
             Killed from afar by a hell knight (37 damage)
             ... with a bolt of fire
             ... on level 3 of the Vaults on Jan 30, 2022.
             The game lasted 02:40:57 (55930 turns).

PublicAnimeNo1 the Earth Mage (DrCj)               Turns: 55930, Time: 02:40:57

Health: -26/165    AC: 24    Str: 13      XL:     19   Next: 94%
Magic:  10/36      EV: 13    Int: 38      God:    Vehumet [******]
Gold:   4721       SH: 19    Dex:  8 (9)  Spells: 11/44 levels left

rFire   . . .      SeeInvis .   j - +7 war axe of the Hated {vorpal, rElec rCorr Str+4}
rCold   . . .      Faith    .   y - +2 kite shield
rNeg    . . .      Spirit   .   (armour unavailable)
rPois   +          Reflect  +   A - +2 hat
rElec   +          Harm     .   K - +2 cloak {Stlth+}
rCorr   +          Rampage  .   q - +2 pair of gloves
Will    +....                   k - +0 pair of boots
Stlth   ++++......              J - amulet of reflection
HPRegen 0.37/turn               o - +6 ring of intelligence
MPRegen 0.25/turn               v - ring "Leovvy" {rPois Int+4}

@: about to teleport
A: AC +15, amphibious, unfitting armour, cold-blooded, horns 1, deterioration 1
}: 1/15 runes: decaying
a: Renounce Religion


You were on level 3 of the Vaults.
You worshipped Vehumet.
Vehumet was exalted by your worship.
You visited 8 branches of the dungeon, and saw 37 of its levels.
You visited 1 bazaar.
You also visited: Bailey, Gauntlet and Ice Cave.

You collected 6406 gold pieces.
You spent 1685 gold pieces at shops.

Inventory:

Hand Weapons
 j - the +7 war axe of the Hated (weapon) {vorpal, rElec rCorr Str+4}
   (You took it off a gnoll shaman on level 9 of the Dungeon)

   It inflicts extra damage upon your enemies.
   Str:       It affects your strength (+4).
   rElec:     It insulates you from electricity.
   rCorr:     It protects you from acid and corrosion.
 O - a +2 demon whip of venom
Missiles
 N - a throwing net
Armour
 k - a +0 pair of boots (worn)
 q - a +2 pair of gloves (worn)
 y - a +2 kite shield (worn)
 A - a +2 hat (worn)
 K - a +2 cloak of stealth (worn)
Magical Staves
 a - a staff of fire
 b - a staff of earth
Jewellery
 d - a +6 ring of strength
 o - a +6 ring of intelligence (left hand)
 v - the ring "Leovvy" (right hand) {rPois Int+4}
   (You found it on level 8 of the Dungeon)

   [ring of poison resistance]

   Int:       It affects your intelligence (+4).
   rPois:     It protects you from poison.
 H - the ring of Nein {rF- rC+ rN++ MP+9 Stlth+}
   (You found it on level 2 of the Lair of Beasts)

   [ring of magical power]

   rF:        It makes you vulnerable to fire.
   rC:        It protects you from cold.
   rN:        It greatly protects you from negative energy.
   MP:        It affects your magic capacity (+9).
   Stlth:     It makes you more stealthy.
 J - an amulet of reflection (around neck)
Wands
 i - a wand of polymorph (58)
 p - a wand of iceblast (44)
 w - a wand of mindburst (28)
 z - a wand of flame (67)
 I - a wand of charming (6)
 M - a wand of acid (7)
 Q - a wand of paralysis (8)
 W - a wand of digging (11)
Scrolls
 g - 4 scrolls of fog
 h - a scroll of amnesia
 l - 2 scrolls of fear
 t - 6 scrolls of teleportation
 C - 7 scrolls of immolation
 D - a scroll of silence
 G - 3 scrolls of enchant armour
 L - 24 scrolls of identify
 R - a scroll of magic mapping
 V - 4 scrolls of enchant weapon
Potions
 c - 3 potions of might
 f - 7 potions of brilliance
 m - 9 potions of curing
 n - a potion of resistance
 u - a potion of haste
 x - a potion of magic
 B - 5 potions of flight
 S - a potion of invisibility
 X - a potion of attraction
Miscellaneous
 e - a condenser vane
 F - a tin of tremorstones (inert)


   Skills:
 - Level 13.5 Fighting
 - Level 12.0 Axes
 - Level 8.6 Dodging
 - Level 8.1 Stealth
 + Level 14.9 Shields
 + Level 13.0 Spellcasting
 + Level 13.7 Conjurations
 - Level 7.0 Necromancy
 - Level 7.1 Translocations
 + Level 5.1 Transmutations
 + Level 10.4 Fire Magic
 - Level 4.0 Air Magic
 - Level 15.0 Earth Magic
 - Level 4.5 Evocations


You had 11 spell levels left.
You knew the following spells:

 Your Spells              Type           Power      Damage    Failure   Level
a - Iskenderun's Battles  Conj           92%        2d14      1%          5
b - Flame Wave            Conj/Fire      86%        2d15      1%          4
c - Borgnjor's Vile Clut  Necr/Erth      41%        N/A       1%          5
d - Foxfire               Conj/Fire      100%       2x1d9     0%          1
e - Irradiate             Conj/Tmut      38%        3d26      1%          5
g - Sticky Flame          Conj/Fire      86%        2d10      1%          4
h - Iron Shot             Conj/Erth      47%        9d9       1%          6
i - Ozocubu's Armour      Ice            24%        N/A       8%          3

Your spell library contained the following spells:

 Spells                   Type           Power      Damage    Failure   Level
 Shatter                  Erth           47%        3d36*     77%         9
 Fire Storm               Conj/Fire      43%        8d11      98%         9
 Polar Vortex             Ice            12%        N/A       100%        9
 Magic Dart               Conj           100%       1d8       0%          1
 Searing Ray              Conj           100%       2d8       0%          2
 Blink                    Tloc           100%       N/A       1%          2
 Static Discharge         Conj/Air       75%        N/A       1%          2
 Sublimation of Blood     Necr           67%        N/A       1%          2
 Wereblood                Tmut           59%        N/A       1%          2
 Conjure Flame            Conj/Fire      86%        6-21      1%          3
 Dazzling Flash           Conj/Hex       100%       N/A       1%          3
 Ignite Poison            Fire/Tmut/Pois 59%        N/A       1%          3
 Inner Flame              Hex/Fire       59%        N/A       1%          3
 Lesser Beckoning         Tloc           68%        N/A       1%          3
 Mephitic Cloud           Conj/Pois/Air  62%        N/A       1%          3
 Portal Projectile        Hex/Tloc       100%       N/A       1%          3
 Animate Dead             Necr           33%        N/A       1%          4
 Dispel Undead            Necr           67%        3d23      1%          4
 Fulminant Prism          Conj/Hex       33%        3d16      1%          4
 Iskenderun's Mystic Bla  Conj/Tloc      81%        2d16      1%          4
 Leda's Liquefaction      Hex/Erth       34%        N/A       1%          4
 Petrify                  Tmut/Erth      79%        N/A       1%          4
 Fireball                 Conj/Fire      43%        3d17      1%          5
 Lee's Rapid Deconstruct  Erth           47%        3d24*     1%          5
 Lightning Bolt           Conj/Air       37%        1d56      1%          5
 Starburst                Conj/Fire      43%        6d12      1%          6
 Call Imp                 Summ           24%        N/A       3%          2
 Ensorcelled Hibernation  Hex/Ice        48%        N/A       3%          2
 Manifold Assault         Tloc           68%        N/A       3%          5
 Agony                    Necr           67%        N/A       4%          5
 Statue Form              Tmut/Erth      52%        N/A       6%          6
 Call Canine Familiar     Summ           24%        N/A       8%          3
 Summon Guardian Golem    Hex/Summ       24%        N/A       8%          3
 Tukima's Dance           Hex            24%        N/A       8%          3
 Blade Hands              Tmut           29%        N/A       9%          5
 Summon Lightning Spire   Summ/Air       39%        N/A       11%         4
 Death Channel            Necr           33%        N/A       22%         6
 Cause Fear               Hex            12%        N/A       26%         4
 Summon Ice Beast         Ice/Summ       24%        N/A       26%         4
 Silence                  Hex/Air        19%        N/A       30%         5
 Ignition                 Fire           40%        3d12      50%         8
 Metabolic Englaciation   Hex/Ice        12%        N/A       56%         5
 Simulacrum               Ice/Necr       25%        N/A       67%         6
 Dragon Form              Tmut           29%        N/A       95%         7
 Storm Form               Tmut/Air       28%        N/A       97%         7
 Ozocubu's Refrigeration  Ice            12%        4d7       99%         7
 Maxwell's Capacitive Co  Air            26%        ∞         99%         8
 Summon Hydra             Summ           12%        N/A       100%        7
 Discord                  Hex            12%        N/A       100%        8
 Animate Armour           Summ/Erth      Unusable   N/A       N/A         4

Dungeon Overview and Level Annotations

Branches:
Dungeon (15/15)            Temple (1/1) D:5            Lair (6/6) D:8
  Swamp (4/4) Lair:2       Spider (4/4) Lair:2          Orc (2/2) D:11
    Elf (2/3) Orc:2        Vaults (3/5) D:14          Crypt (0/3) Vaults:2
 Depths (0/4) D:15         Bailey (visited)           IceCv (visited)
Gauntlet (visited)
  Slime: Lair:5-6

Altars:
Ashenzari
Cheibriados
Dithmenos
Elyvilon
Fedhas
Gozag
Hepliaklqana
Kikubaaqudgha
Makhleb
Nemelex Xobeh
Okawaru
Qazlal
Ru
Sif Muna
Trog
Uskayaw
Vehumet
Wu Jian
Xom
Yredelemnul
Zin
The Shining One
Beogh
Jiyva

Shops:
D:8 *   D:13 (   Orc:1 ?   Orc:2 ((:*[

Annotations:
D:8 1 runed translucent door, slAvIk159's ghost, novice HOMo
D:15 exclusion: 2 doors
Lair:2 3 runed translucent doors, Terra's ghost, journeyman OpWz; busb's ghost, adept OgWn; dontdoit's ghost, journeyman HOAK
Lair:5 1 runed translucent door, Rupert; Snorg
Swamp:1 3 runed translucent doors, mbeke's ghost, adept DjFE
Spider:3 2 transporters, Enackaufuo's ghost, adept MfGl
Spider:4 1 exclusion
Elf:2 2 transporters


Innate Abilities, Weirdness & Mutations

Your dull iron-grey scales are very hard. (AC +15)
You are amphibious.
You cannot fit into any form of body armour.
You are cold-blooded and may be slowed by cold attacks.
You have a pair of small horns on your head.
Your body sometimes deteriorates upon taking damage.


Message History

The zombie hands constrict Jory.
The hell knight struggles to escape constriction.
Jory casts a spell at you. The crystal spear hits you!!
Aiming: Iron Shot (mildly dangerous; 1% risk of failure)
Press: ? - help, Q - select action, (/) - cycle Shift-Dir - straight line, f/p - Jory
Aim: Jory, wielding a +4 vorpal battleaxe and wearing a +0 plate armour (heavily damaged, constricted by zombie hands, 100% to hit)
The iron shot hits Jory!!!
Jory is severely damaged.
The zombie hands constrict the hell knight!
The zombie hands constrict Jory!
The hell knight struggles to escape constriction.
Jory points at you and mumbles some strange words.
The crystal spear hits you!!!!
* * * LOW HITPOINT WARNING * * *
Your body deteriorates!
You feel clumsy.
A hell knight comes into view.
It is wielding a +4 demon whip of flaming.
Aiming: Iron Shot (mildly dangerous; 1% risk of failure)
Press: ? - help, Q - select action, (/) - cycle Shift-Dir - straight line, f/p - Jory
Aim: Jory, wielding a +4 vorpal battleaxe and wearing a +0 plate armour (severely damaged, constricted by zombie hands, 100% to hit)
The iron shot hits Jory!!!
You destroy Jory!
Vehumet accepts your kill.
You feel your power returning.
Jory screams, "No, no!" before exploding into a cloud of blood!
The zombie hands constrict the hell knight!!
The hell knight struggles to escape constriction.
The hell knight gestures wildly while chanting.
The hell knight seems to speed up.
Your condenser vane has recharged.
Your Spellcasting skill increases to level 13!
As you read the scroll of teleportation, it crumbles to dust.
You feel strangely unstable.
The zombie hands constrict the hell knight.
The hell knight casts a spell at you.
The bolt of fire hits the hell knight.
The hell knight completely resists.
The bolt of fire hits the hell knight.
The hell knight completely resists.
The bolt of fire hits the hell knight.
The hell knight completely resists.
The bolt of fire hits you!!!
You die...

.##(## ##...##
....# '.....# .pp#
#.###.### ...#
..#.#...## .p#
###.###..## ..#
'..(..#...##..##p#
###.###..##..##.p#
..#.#...##..##..@#
#.###.###..##....#
#.....#....#.....#
##...##....##....#
.##.##......#....#
..###.......##...#
#..#..#'#....#...#
##...##.###..##..#
##.##....#####..#


You could see 5 hell knights.

Vanquished Creatures
  Saint Roka (Vaults:3)
  Jory (Vaults:3)
  A bone dragon (Vaults:2)
  Jorgrun (Swamp:2)
  A tentacled monstrosity (Swamp:4)
  A shadow dragon (Vaults:3)
  Frances (Spider:2)
  A thorn hunter (Swamp:4)
  A sphinx (Vaults:3)
  Roxanne (Spider:2)
  A tengu reaver (Vaults:3)
  Donald (Vaults:3)
  3 fenstrider witches (Swamp:4)
  2 emperor scorpions
  A ghost moth (Spider:4)
  2 fire giants
  An orc warlord (Orc:2)
  8 vault wardens
  A war gargoyle (Vaults:3)
  9 ironbound preservers
  7 very ugly things
  6 ironbound thunderhulks
  Nessos (Orc:2)
  8 eleionomae
  A deep elf demonologist (Elf:1)
  A minotaur (Gauntlet)
  5 bunyips
  Azrael (Spider:1)
  3 dire elephants (Vaults:3)
  A spark wasp (Spider:2)
  3 entropy weavers
  Josephine (Lair:5)
  An ettin (D:15)
  3 shambling mangroves (Swamp:4)
  A great orb of eyes (Vaults:3)
  7 yaktaur captains
  5 boulder beetles
  A peacekeeper (Vaults:3)
  8 vault guards
  21 hydras
  2 spriggan air magi
  Erica (D:11)
  3 ironbound frosthearts
  An ogre mage (Vaults:3)
  A catoblepas (D:14)
  4 two-headed ogres
  6 dancing weapons
  A ghost crab (Swamp:4)
  The ghost of Sixotanaka the Spry, a journeyman MfIE of Vehumet (D:10)
  15 centaur warriors
  6 tengu warriors
  9 alligators
  Urug (Lair:2)
  4 orc high priests (Orc:2)
  A spriggan berserker (Swamp:4)
  A hell knight (Vaults:3)
  A fire crab (Gauntlet)
  5 deep elf knights (Elf:1)
  7 spriggans
  4 skeletal warriors (D:13)
  A glowing orange brain (Vaults:2)
  3 goliath frogs
  32 deep trolls
  3 spriggan druids
  15 ironbound convokers
  14 swamp dragons
  15 bog bodies
  5 orc knights
  A phantasmal warrior (Vaults:3)
  4 wizards
  Pikel (D:5)
  5 lindwurms
  2 necromancers
  A sphinx zombie (Vaults:1)
  18 deep elf pyromancers
  15 deep elf zephyrmancers
  4 deep elf archers
  8 orc sorcerers
  4 cyclopes
  3 will-o-the-wisps
  2 moths of wrath
  34 wolf spiders
  3 manticores
  An oklob plant (Gauntlet)
  A tengu skeleton (Vaults:1)
  A guardian serpent (shapeshifter) (D:15)
  17 ugly things
  An ice statue (IceCv)
  An eye of devastation (shapeshifter) (Elf:1)
  4 vault sentinels
  3 black mambas
  5 elephants
  2 torpor snails
  A human zombie (Vaults:1)
  11 cane toads
  2 gargoyles
  Maggie (D:10)
  2 rime drakes
  13 demonic crawlers
  33 yaktaurs
  3 tengu conjurers (D:14)
  8 komodo dragons
  2 ice devils
  2 freezing wraiths
  An anaconda simulacrum (IceCv)
  21 orb spiders
  9 meliai
  A polar bear (Lair:4)
  8 trolls
  22 tarantellas
  5 hornets
  8 tyrant leeches
  27 slime creatures
  A sphinx simulacrum (Vaults:1)
  Prince Ribbit (D:9)
  A raiju (Gauntlet)
  Sigmund (D:2)
  42 jumping spiders
  5 wraiths
  A water elemental (Elf:2)
  31 yaks
  7 wyverns
  A vampire (D:12)
  6 basilisks
  3 fire bats (Gauntlet)
  5 steam dragons
  6 fire elementals
  107 redbacks
  Grum (D:8)
  9 vampire mosquitoes
  A death yak simulacrum (IceCv)
  Menkaure (D:7)
  A harpy simulacrum (IceCv)
  4 wargs
  15 swamp worms
  2 hell hounds (Spider:1)
  2 acid dragons
  15 water moccasins
  39 orc warriors
  10 swamp drakes
  3 sky beasts
  A black bear (D:5)
  A necrophage (D:6)
  5 ice beasts
  A hornet zombie (D:8)
  8 ogres
  10 boggarts
  37 wolves
  11 centaurs
  3 kobold brigands
  12 bullfrogs
  4 gnoll sergeants
  An ogre simulacrum (Vaults:1)
  A cane toad simulacrum (IceCv)
  2 earth elementals (Elf:1)
  A scorpion (Lair:2)
  3 two-headed ogre simulacra (IceCv)
  3 elephant simulacra (IceCv)
  10 killer bees
  5 wights (D:7)
  4 electric eels
  2 centaur zombies
  6 howler monkeys
  A lava snake (D:15)
  A jelly (D:5)
  3 hounds
  A gnoll shaman (D:9)
  24 orc priests
  A centaur skeleton (D:7)
  Terence (D:1)
  2 bullfrog skeletons (D:6)
  5 iguanas
  21 orc wizards
  7 troll simulacra (IceCv)
  A polar bear simulacrum (IceCv)
  A spriggan simulacrum (IceCv)
  2 wolf simulacra (IceCv)
  3 centaur simulacra (D:10)
  A hound zombie (D:5)
  A hound skeleton (D:4)
  A howler monkey zombie (D:7)
  5 adders
  29 gnolls
  2 naga simulacra (IceCv)
  A shadow imp (D:8)
  14 white imps
  5 ufetubi (IceCv)
  3 adder skeletons
  5 worms
  114 orcs
  6 bats
  2 endoplasms
  4 giant cockroaches
  5 goblins
  6 hobgoblins
  6 jackals
  13 kobolds
  A quokka (D:3)
  5 ball pythons
  2 ball python skeletons (D:3)
  5 frilled lizards
  A quokka skeleton (D:3)
  A quokka zombie (D:3)
  4 rats
1375 creatures vanquished.

Vanquished Creatures (collateral kills)
  A thorn hunter (Swamp:3)
  An alligator (Swamp:3)
  A hornet (Swamp:2)
  2 redbacks (Spider:4)
5 creatures vanquished.

Vanquished Creatures (others)
  A deep elf zephyrmancer (Elf:1)
  2 deep elf pyromancers (Elf:1)
  A wizard (D:6)
  A will-o-the-wisp (Swamp:3)
  2 bloated husks
  A redback (Spider:1)
  2 centaurs
  An orc priest (Orc:2)
  2 orcs (D:8)
  357 foxfires
  52 fungi
  33 plants
455 creatures vanquished.

Grand Total: 1835 creatures vanquished

Notes
Turn   | Place    | Note
-------+----------+-------------------------------------------
     0 | D:1      | PublicAnimeNo1 the Draconian Conjurer began the quest for
                  | the Orb.
     0 | D:1      | Reached XP level 1. HP: 14/14 MP: 3/3
   402 | D:1      | Reached XP level 2. HP: 22/22 MP: 1/5
   594 | D:1      | Reached skill level 1 in Fighting
   597 | D:1      | Learned a level 2 spell: Searing Ray
  1197 | D:2      | Reached XP level 3. HP: 28/28 MP: 1/6
  1463 | D:2      | You fall into a shaft and drop 1 floor!
  2565 | D:2      | Found a snail-covered altar of Cheibriados.
  2574 | D:2      | Reached XP level 4. HP: 36/36 MP: 4/8
  2968 | D:2      | Noticed Terence
  3052 | D:2      | Noticed Sigmund
  3131 | D:1      | Killed Terence
  3305 | D:2      | Killed Sigmund
  3306 | D:2      | Reached skill level 5 in Conjurations
  3306 | D:2      | Reached XP level 5. HP: 40/45 MP: 0/10
  3424 | D:2      | Found a faded altar of an unknown god.
  3830 | D:4      | Noticed a sky beast
  3838 | D:3      | Reached XP level 6. HP: 48/51 MP: 5/11
  4627 | D:4      | Killed a sky beast
  4718 | D:4      | Your scales start taking on a dull iron-grey colour.
  4718 | D:4      | Reached XP level 7. HP: 45/60 MP: 7/13
  4859 | D:4      | Found an iron altar of Okawaru.
  4954 | D:4      | Found a sparkling altar of Nemelex Xobeh.
  5178 | D:5      | Entered Level 5 of the Dungeon
  5238 | D:5      | Found a staircase to the Ecumenical Temple.
  5246 | D:5      | Noticed Pikel
  5252 | Temple   | Entered the Ecumenical Temple
  5377 | Temple   | Became a worshipper of Vehumet
  5383 | Temple   | Learned a level 4 spell: Iskenderun's Mystic Blast
  5406 | D:5      | Killed Pikel
  5407 | D:5      | Reached skill level 5 in Spellcasting
  5567 | D:5      | Reached XP level 8. HP: 67/67 MP: 10/15
  6125 | D:5      | Found a blossoming altar of Fedhas.
  6409 | D:6      | Found a shimmering altar of Xom.
  7111 | D:6      | Found a shadowy altar of Dithmenos.
  7170 | D:6      | Reached * piety under Vehumet
  7170 | D:6      | Offered knowledge of Foxfire by Vehumet.
  7177 | D:6      | Learned a level 1 spell: Foxfire
  7286 | D:6      | Reached XP level 9. HP: 72/72 MP: 13/18
  7516 | D:6      | Found a bloodstained altar of Trog.
  7519 | D:6      | Noticed a wizard
  7523 | D:6      | Killed a wizard
  7967 | D:7      | Noticed Menkaure
  7987 | D:7      | Killed Menkaure
  7994 | D:7      | Reached skill level 5 in Stealth
  8313 | D:7      | Learned a level 3 spell: Mephitic Cloud
  8843 | D:8      | Reached skill level 5 in Dodging
  9312 | D:8      | Offered knowledge of Freeze by Vehumet.
  9337 | D:8      | Reached ** piety under Vehumet
  9344 | D:8      | Reached XP level 10. HP: 80/80 MP: 13/20
  9370 | D:8      | Found Lonkad's Demolitions Depot.
  9854 | D:8      | Found a staircase to the Lair.
  9920 | D:8      | Found a glowing golden altar of the Shining One.
 10169 | D:8      | Offered knowledge of Ignite Poison by Vehumet.
 10237 | D:8      | Noticed Grum
 10251 | D:8      | Killed Grum
 10252 | D:8      | Reached *** piety under Vehumet
 10336 | D:8      | Found a shimmering blue altar of Sif Muna.
 10386 | D:8      | Identified the ring "Leovvy" {rPois Int+4}
 10535 | D:8      | Found an opulent altar of Gozag.
 10614 | D:8      | Found a runed translucent door.
 10614 | D:8      | Noticed slAvIk159's ghost (novice HOMo)
 10822 | D:9      | Noticed Prince Ribbit
 10831 | D:9      | Killed Prince Ribbit
 11026 | D:9      | Identified the +7 war axe of the Hated {vorpal, rElec rCorr
                  | Str+4}
 11072 | D:9      | Offered knowledge of Olgreb's Toxic Radiance by Vehumet.
 11079 | D:9      | Found a flagged portal.
 11094 | Bailey   | Entered a bailey
 11094 | Bailey   | Noticed an orc knight
 11094 | Bailey   | Noticed an orc knight
 11101 | Bailey   | Killed an orc knight
 11125 | Bailey   | Reached XP level 11. HP: 48/85 MP: 6/23
 11129 | Bailey   | Noticed an orc knight
 11475 | D:9      | Found a basalt altar of Yredelemnul.
 11553 | D:10     | Entered Level 10 of the Dungeon
 11749 | D:10     | Found a broken altar of Ashenzari.
 11778 | D:10     | Reached **** piety under Vehumet
 11857 | D:10     | Learned a level 5 spell: Lightning Bolt
 11913 | D:10     | Offered knowledge of Airstrike by Vehumet.
 12306 | D:10     | Found a hide-covered altar of Uskayaw.
 12366 | D:10     | Found a white marble altar of Elyvilon.
 12371 | D:10     | Noticed Maggie
 12380 | D:10     | Killed Maggie
 12382 | D:10     | Reached skill level 5 in Fighting
 12382 | D:10     | Reached skill level 1 in Axes
 12382 | D:10     | Reached skill level 1 in Translocations
 12436 | D:10     | Noticed a two-headed ogre
 12470 | D:10     | Killed a two-headed ogre
 12471 | D:10     | Reached skill level 1 in Air Magic
 12587 | D:10     | Found a runed translucent gate.
 12587 | D:10     | Found a runed translucent gate.
 12587 | D:10     | Found a runed translucent gate.
 12652 | D:10     | Noticed Sixotanaka's ghost (journeyman MfIE)
 12999 | D:10     | Learned a level 4 spell: Sticky Flame
 13019 | D:10     | Killed Sixotanaka's ghost
 13258 | D:11     | Noticed Erica
 13641 | D:11     | Killed Erica
 13749 | D:11     | Reached ***** piety under Vehumet
 13830 | D:11     | Found a staircase to the Orcish Mines.
 13833 | D:11     | Offered knowledge of Eringya's Noxious Bog by Vehumet.
 14024 | D:11     | Learned a level 6 spell: Iron Shot
 14413 | D:9      | Noticed a cyan ugly thing
 14617 | Lair:1   | Entered Level 1 of the Lair of Beasts
 14764 | Lair:1   | Reached skill level 1 in Earth Magic
 14836 | Lair:1   | Reached XP level 12. HP: 30/101 MP: 9/24
 15214 | Lair:1   | Reached skill level 2 in Earth Magic
 15650 | Lair:2   | Upgraded the game from 0.28-a0-1112-g5c4f51b to
                  | 0.28-a0-1117-g0bdd5ba
 15697 | Lair:2   | Noticed an eight-headed hydra
 15708 | Lair:2   | Killed an eight-headed hydra
 15709 | Lair:2   | Reached skill level 3 in Earth Magic
 15986 | Lair:2   | Reached skill level 5 in Axes
 15986 | Lair:2   | Reached skill level 5 in Translocations
 16078 | Lair:2   | Reached skill level 4 in Earth Magic
 16092 | Lair:2   | Noticed a seven-headed hydra
 16101 | Lair:2   | Killed a seven-headed hydra
 16105 | Lair:2   | Noticed a five-headed hydra
 16109 | Lair:2   | Killed a five-headed hydra
 16140 | Lair:2   | Reached skill level 5 in Earth Magic
 16372 | Lair:2   | Identified the ring of Nein {rF- rC+ rN++ MP+9 Stlth+}
 16407 | Lair:2   | Noticed a seven-headed hydra
 16416 | Lair:2   | Killed a seven-headed hydra
 16454 | Lair:2   | Noticed Urug
 16703 | Lair:2   | Found a runed translucent gate.
 16703 | Lair:2   | Found a runed translucent gate.
 16703 | Lair:2   | Found a runed translucent gate.
 16703 | Lair:2   | Noticed Terra's ghost (journeyman OpWz)
 16703 | Lair:2   | Noticed busb's ghost (adept OgWn)
 16704 | Lair:2   | Noticed dontdoit's ghost (journeyman HOAK)
 16713 | Lair:2   | Offered knowledge of Lee's Rapid Deconstruction by Vehumet.
 16752 | Lair:2   | Noticed a five-headed hydra
 16756 | Lair:2   | Killed a five-headed hydra
 16757 | Lair:2   | Reached skill level 6 in Earth Magic
 16888 | Lair:2   | Identified the +5 spear of Mim Gaitusi {drain, *Slow Int+4}
 16915 | Lair:2   | Killed Urug
 16996 | Lair:2   | Identified 2 scrolls of acquirement
 16997 | Lair:2   | Acquired a +1 cloak of stealth
 17003 | Lair:2   | Acquired 1113 gold pieces
 17061 | Lair:2   | Found a hole to the Spider Nest.
 17366 | Lair:2   | Found a staircase to the Swamp.
 17539 | Lair:3   | Reached XP level 13. HP: 110/111 MP: 17/25
 17666 | Lair:3   | Reached skill level 7 in Earth Magic
 17891 | Lair:3   | Learned a level 3 spell: Ozocubu's Armour
 18680 | Lair:4   | Found a frozen archway.
 18700 | IceCv    | Entered an ice cave
 19491 | IceCv    | Reached skill level 8 in Earth Magic
 20576 | Lair:5   | Noticed Josephine
 20594 | Lair:5   | Killed Josephine
 20600 | Lair:5   | Reached skill level 9 in Earth Magic
 20603 | Lair:5   | Noticed Snorg
 20935 | Lair:5   | Noticed Rupert
 20950 | Lair:5   | Found a runed translucent door.
 20950 | Lair:5   | Found a viscous altar of Jiyva.
 20993 | Lair:6   | Entered Level 6 of the Lair of Beasts
 21231 | Orc:1    | Entered Level 1 of the Orcish Mines
 21358 | Orc:1    | Offered knowledge of Iskenderun's Battlesphere by Vehumet.
 21388 | Orc:1    | Learned a level 5 spell: Iskenderun's Battlesphere
 21434 | Orc:1    | Found Zyrydagiw's Magic Scroll Boutique.
 21437 | Orc:1    | Reached ****** piety under Vehumet
 21487 | Orc:1    | Bought a scroll of teleportation for 51 gold pieces
 21487 | Orc:1    | Bought a scroll of teleportation for 51 gold pieces
 21487 | Orc:1    | Bought a scroll of fear for 59 gold pieces
 21686 | Orc:2    | Entered Level 2 of the Orcish Mines
 21687 | Orc:2    | Found Atodowka's Antique Weapon Shop.
 21699 | Orc:2    | Reached skill level 10 in Axes
 21806 | Orc:2    | Found Qumab's Firing Range.
 21883 | Orc:2    | Noticed an orc warlord
 21895 | Orc:2    | Reached XP level 14. HP: 112/118 MP: 27/27
 22005 | Orc:2    | Noticed Nessos
 22020 | Orc:2    | Killed Nessos
 22052 | Orc:2    | Reached skill level 10 in Spellcasting
 22225 | Orc:2    | Found Juah's General Store.
 22226 | Orc:2    | Found a flickering gateway to a bazaar.
 22236 | Bazaar   | Entered a bazaar
 22236 | Bazaar   | Found Woruna's Armour Emporium.
 22236 | Bazaar   | Found Wigg's Antique Armour Shop.
 22236 | Bazaar   | Found Xauhoet's Jewellery Shoppe.
 22236 | Bazaar   | Found Ynagram's Jewellery Shop.
 22292 | Bazaar   | Bought a ring of see invisible for 195 gold pieces
 22399 | Orc:2    | Reached skill level 10 in Earth Magic
 22585 | Orc:2    | Killed an orc warlord
 22767 | Orc:2    | Found Menn's Book Emporium.
 22776 | Orc:2    | Bought a book of Flames for 450 gold pieces
 22782 | Orc:2    | Learned a level 4 spell: Flame Wave
 22910 | Orc:2    | Reached skill level 10 in Conjurations
 22957 | Orc:2    | Bought a condenser vane for 560 gold pieces
 22957 | Orc:2    | Bought a potion of curing for 42 gold pieces
 22957 | Orc:2    | Found a staircase to the Elven Halls.
 23095 | Orc:2    | Found Qaittuth's Antique Armour Shop.
 23103 | Orc:2    | Bought a glowing kite shield for 277 gold pieces
 23240 | D:12     | Offered knowledge of Conjure Ball Lightning by Vehumet.
 23258 | D:12     | Reached skill level 1 in Shields
 23471 | D:12     | Acquired 1046 gold pieces
 23499 | D:12     | Reached skill level 1 in Fire Magic
 24125 | D:13     | HP: 5/119 [orc knight (17)]
 24430 | D:13     | Found Oveshript's Antique Weapon Boutique.
 24602 | D:13     | Found a gate leading to a gauntlet.
 24613 | Gauntlet | Entered a Gauntlet
 24613 | Gauntlet | Found a transporter.
 24613 | Gauntlet | Found a transporter.
 24613 | Gauntlet | Found a transporter.
 24613 | Gauntlet | Found a transporter.
 24633 | Gauntlet | Found a transporter.
 24643 | Gauntlet | Found a transporter.
 24660 | Gauntlet | Found a large runed translucent door.
 24661 | Gauntlet | Found a large runed translucent door.
 24662 | Gauntlet | Found a large runed translucent door.
 24662 | Gauntlet | Found a large runed translucent door.
 24663 | Gauntlet | Found a runed translucent gate.
 24664 | Gauntlet | Found a transporter.
 24664 | Gauntlet | Found a runed translucent gate.
 24665 | Gauntlet | Found a runed translucent gate.
 24666 | Gauntlet | Found a large runed translucent door.
 24666 | Gauntlet | Found a large runed translucent door.
 24667 | Gauntlet | Found a large runed translucent door.
 24668 | Gauntlet | Found a large runed translucent door.
 24670 | Gauntlet | Found a transporter.
 24678 | Gauntlet | Found a transporter.
 24695 | Gauntlet | Found a transporter.
 24703 | Gauntlet | Found a transporter.
 24704 | Gauntlet | Found the -2 hat of the Alchemist {rElec rPois rF+ rC+ rN+
                  | Will+ rMut rCorr}
 24720 | Gauntlet | Found a transporter.
 24749 | Gauntlet | Found a large runed translucent door.
 24750 | Gauntlet | Found a large runed translucent door.
 24751 | Gauntlet | Found a large runed translucent door.
 24751 | Gauntlet | Found a large runed translucent door.
 24751 | Gauntlet | Found a runed translucent door.
 24751 | Gauntlet | Found a runed translucent door.
 24753 | Gauntlet | Found a large runed translucent door.
 24753 | Gauntlet | Found a large runed translucent door.
 24782 | Gauntlet | Found a large runed translucent door.
 24783 | Gauntlet | Found a large runed translucent door.
 24879 | Gauntlet | Reached skill level 1 in Evocations
 25137 | Gauntlet | Identified the +9 arbalest of Wrongful Imprisonment
                  | {freeze, rElec Dex+3}
 25377 | D:13     | Found an ornate altar of the Wu Jian Council.
 25783 | D:14     | Reached skill level 5 in Shields
 26239 | D:14     | Found a radiant altar of Vehumet.
 26324 | D:14     | Found a gate to the Vaults.
 26866 | D:15     | Entered Level 15 of the Dungeon
 26925 | D:15     | Reached XP level 15. HP: 105/126 MP: 17/29
 26935 | D:15     | Offered knowledge of Starburst by Vehumet.
 27753 | D:15     | Reached skill level 5 in Fire Magic
 28040 | D:15     | Found a staircase to the Depths.
 28178 | D:15     | Noticed a storm dragon
 28282 | D:15     | Upgraded the game from 0.28-a0-1117-g0bdd5ba to
                  | 0.28-a0-1159-g27aa881
 28469 | Swamp:1  | Entered Level 1 of the Swamp
 28871 | Swamp:1  | Found a runed translucent gate.
 28871 | Swamp:1  | Found a runed translucent gate.
 28871 | Swamp:1  | Found a runed translucent gate.
 29348 | Swamp:1  | Reached skill level 10 in Fighting
 29849 | Swamp:1  | Noticed mbeke's ghost (adept DjFE)
 29880 | Swamp:2  | Gained mutation: You are clumsy. (Dex -2) [potion of
                  | mutation]
 29880 | Swamp:2  | Gained mutation: You sometimes lose the ability to read
                  | scrolls when taking damage. [potion of mutation]
 29880 | Swamp:2  | Gained mutation: You have a pair of small horns on your
                  | head. [potion of mutation]
 29881 | Swamp:2  | Lost mutation: You sometimes lose the ability to read
                  | scrolls when taking damage. [potion of mutation]
 29881 | Swamp:2  | Lost mutation: You have a pair of small horns on your head.
                  | [potion of mutation]
 29881 | Swamp:2  | Gained mutation: You are dopey. (Int -2) [potion of
                  | mutation]
 29881 | Swamp:2  | Lost mutation: You are dopey. (Int -2) [potion of mutation]
 29882 | Swamp:2  | Lost mutation: You are clumsy. (Dex -2) [potion of
                  | mutation]
 29882 | Swamp:2  | Gained mutation: Your body sometimes deteriorates upon
                  | taking damage. [potion of mutation]
 29882 | Swamp:2  | Gained mutation: You have a pair of small horns on your
                  | head. [potion of mutation]
 29892 | Swamp:2  | Learned a level 5 spell: Manifold Assault
 30194 | Swamp:2  | Offered knowledge of Irradiate by Vehumet.
 30201 | Swamp:2  | Noticed Jorgrun
 30574 | Swamp:2  | Learned a level 5 spell: Irradiate
 30784 | Swamp:2  | Killed Jorgrun
 30785 | Swamp:2  | Reached skill level 1 in Transmutations
 31331 | Swamp:3  | Reached XP level 16. HP: 30/134 MP: 8/30
 31346 | Swamp:3  | Noticed a thorn hunter
 31353 | Swamp:3  | Killed a thorn hunter
 31735 | Swamp:3  | Reached skill level 10 in Shields
 32257 | Swamp:3  | Upgraded the game from 0.28-a0-1159-g27aa881 to
                  | 0.28-a0-1174-g766a6a4
 32282 | Swamp:4  | Entered Level 4 of the Swamp
 32315 | Swamp:4  | Noticed a tentacled monstrosity
 32321 | Swamp:4  | Killed a tentacled monstrosity
 33091 | Swamp:4  | Upgraded the game from 0.28-a0-1174-g766a6a4 to
                  | 0.28-a0-1613-gdaab1c2
 34357 | Swamp:4  | Noticed a thorn hunter
 34375 | Swamp:4  | Killed a thorn hunter
 34443 | Swamp:4  | Upgraded the game from 0.28-a0-1613-gdaab1c2 to
                  | 0.29-a0-19-gef7f3e6
 35145 | Swamp:4  | Got a decaying rune of Zot
 35328 | Spider:1 | Entered Level 1 of the Spider Nest
 35387 | Lair:2   | Learned a level 5 spell: Borgnjor's Vile Clutch
 35583 | Spider:1 | Offered knowledge of Lehudib's Crystal Spear by Vehumet.
 35602 | Spider:1 | Reached skill level 1 in Necromancy
 35945 | Spider:1 | Noticed Azrael
 36101 | Spider:1 | Killed Azrael
 36102 | Spider:1 | Reached skill level 11 in Earth Magic
 36324 | Spider:1 | Reached XP level 17. HP: 140/140 MP: 25/32
 37166 | Spider:2 | Noticed Roxanne
 37303 | Spider:2 | Killed Roxanne
 37445 | Spider:2 | Offered knowledge of Fire Storm by Vehumet.
 37445 | Spider:2 | Offered knowledge of Shatter by Vehumet.
 37445 | Spider:2 | Offered knowledge of Polar Vortex by Vehumet.
 38091 | Spider:2 | Identified the +1 leather armour of the Raven {rElec rF+
                  | Int+3}
 38358 | Spider:2 | Noticed Frances
 38378 | Spider:2 | Killed Frances
 39927 | Spider:3 | Reached skill level 12 in Earth Magic
 40948 | Spider:3 | Found a transporter.
 40950 | Spider:3 | Noticed Enackaufuo's ghost (adept MfGl)
 40955 | Spider:3 | Found a transporter.
 41456 | Spider:4 | Entered Level 4 of the Spider Nest
 41463 | Spider:4 | Reached skill level 5 in Necromancy
 43820 | Elf:1    | Entered Level 1 of the Elven Halls
 43833 | Elf:1    | Reached skill level 13 in Earth Magic
 44115 | Elf:1    | Reached XP level 18. HP: 138/154 MP: 5/33
 44903 | Elf:1    | Got the Almanac of Creation
 45753 | Elf:2    | Found a transporter.
 45755 | Elf:2    | Found a transporter.
 45756 | Elf:2    | Found an ancient bone altar of Kikubaaqudgha.
 46647 | Vaults:1 | Entered Level 1 of the Vaults
 47332 | Vaults:1 | Reached skill level 14 in Earth Magic
 47677 | Vaults:1 | Upgraded the game from 0.29-a0-19-gef7f3e6 to
                  | 0.29-a0-25-g7f48f51
 49524 | Vaults:2 | Reached XP level 19. HP: 160/165 MP: 30/35
 51059 | Vaults:2 | Reached skill level 15 in Earth Magic
 51254 | Vaults:2 | Noticed a bone dragon
 51259 | Vaults:2 | Killed a bone dragon
 51322 | Vaults:2 | Found a staircase to the Crypt.
 53516 | Vaults:3 | Noticed Saint Roka
 53530 | Vaults:3 | Killed Saint Roka
 54043 | Vaults:3 | Noticed Donald
 54152 | Vaults:3 | Killed Donald
 54381 | Vaults:3 | Reached skill level 10 in Fire Magic
 54825 | Vaults:3 | Noticed Jory
 55473 | Vaults:3 | Reached skill level 5 in Transmutations
 55683 | Vaults:3 | Identified the +6 spear of Fosice {freeze, *Slow rC- Int+8
                  | Stlth+}
 55929 | Vaults:3 | Killed Jory
 55930 | Vaults:3 | Killed from afar by a hell knight

Illustrated notes

Levels and vault maps discovered:
D:1:      minmay_arrival_three_doors, layout_basic
D:2:      layout_rooms, hellmonk_ecumenical_altar_inner_sanctum, basic_altar,
          uniq_terence, uniq_sigmund
D:3:      layout_basic, serial_undead, serial_undead_d, serial_undead_b,
          serial_undead_b, serial_undead_c, serial_undead_e, serial_undead_e,
          serial_undead_c, serial_undead_c, st_stairs_6
D:4:      layout_cave_pools, mainiacjoe_overflow_alcove_1, old_standard_altar,
          amcnicky_mini_pool_small
D:5:      layout_basic, nicolae_overflow_crystal_walls,
          minmay_temple_entry_stoned_glass, uniq_pikel
D:6:      layout_cave_pools, trog_wizard, mainiacjoe_overflow_24_doors,
          lemuel_doored_altar, serial_park, serial_park_gazebo
          [serial_park_minivault_5x5_7], serial_park_square3
          [serial_park_minivault_5x5_3], serial_park_square3
          [serial_park_minivault_5x5_4]
D:7:      layout_cave_pools, uniq_menkaure
D:8:      layout_basic, nicolae_gozag_cash_rules_everything_around_me,
          nicolae_tso_swordbearing_angel, old_standard_altar, erik_lair_island,
          special_room [special_room_orc], gammafunk_ghost_grave,
          nicolae_blasting_shop, uniq_grum
D:9:      layout_basic, kennysheep_mini, enter_bailey_2, uniq_prince_ribbit1
D:10:     layout_stronghold, lemuel_coloured_pillars_altar,
          general_overflow_altar, mainiacjoe_overflow_cross_hatched,
          gammafunk_ghost_icy, uniq_maggie
D:11:     layout_irregular_city, hiddenorc1_lemuel, kennysheep_generic_room_3,
          uniq_erica
D:12:     layout_gridville
D:13:     layout_small_grid, serial_shops,
          nicolae_shop_competitors_out_of_business, gauntlet_entry_generic,
          nicolae_wu_jian_immortal_techniques
D:14:     layout_stronghold, erik_vaults_1, vehumet_crystals
D:15:     hangedman_depths_entry_civil_slaughter, layout_basic,
          nicolae_concentric_dashed_squares_mild, kennysheep_four_rooms
Temple:   nicolae_temple_figure_zero
Lair:1:   layout_regular_city
Lair:2:   layout_gridlike, palyth_hydra_swamp_entry,
          nicolae_spider_entry_non_spiders, gammafunk_ghost_cemetery,
          grunt_megastairs_4, serial_bayou_shore_a, uniq_urug
Lair:3:   layout_regular_city
Lair:4:   layout_regular_city, portal_ice_cave_entry_pillars_1,
          nicolae_quartered_pool_impasse
Lair:5:   layout_roguey, slime_altar_2, infiniplex_staircase_pool,
          uniq_josephine, uniq_snorg, uniq_rupert
Lair:6:   due_jungle_book, layout_long_grid, nicolae_lair_lakeside_cave,
          lemuel_fruit_fields, grunt_megastairs_2, infiniplex_staircase_pool_2
Swamp:1:  layout_basic_swamp, gammafunk_ghost_necromancy, serial_swamp_ruin,
          evilmike_swamp_ruin_house_6, evilmike_swamp_ruin_house_5
Swamp:2:  layout_basic_swamp, evilmike_swamp_ruin_house_2, uniq_jorgrun
Swamp:3:  layout_falls_marsh, evilmike_swamp_ruin_rubble_2, swamp_pool4
Swamp:4:  swamp_basic_johnstein, layout_basic_swamp
Spider:1: layout_spider_delve, nicolae_spider_baby_got_redback, uniq_azrael
Spider:2: layout_spider_delve, uniq_roxanne, uniq_frances
Spider:3: layout_spider_delve, gammafunk_ghost_mausoleum,
          hangedman_spider_tarantella_strand
Spider:4: grunt_spider_rune_circles
Orc:1:    layout_caves, serial_shops, shop
Orc:2:    grunt_orc_gardens, layout_diamond_mine, grunt_orc_garden,
          grunt_orc_garden, grunt_orc_garden, grunt_orc_garden, serial_shops,
          bzr_entry_safe, nicolae_shop_firing_range, uniq_nessos
Elf:1:    eino_elf_arrival_customs, layout_onion_city, minmay_elf_demonology,
          minmay_crystal_room
Elf:2:    elven_hall_of_blades_hangedman_original [grunt_blade_entry_basic],
          layout_geoelf_diagonals, columned_hall_lemuel, hex_medium,
          hangedman_feature_mirror, serial_nicolae_subway,
          nicolae_sub_station_crystal, nicolae_sub_station_stone,
          nicolae_sub_station_metal, uniq_nikola
Vaults:1: hangedman_vaults_capsules, grunt_vaults_bifocal,
          nicolae_vaults_circle_grid_b, nicolae_vaults_inception_scallops,
          v_misc_9, nicolae_vaults_little_squares_5,
          nicolae_vaults_network_star, vaults_mumra_minichess_inversion,
          v_rooms_5, v_misc_28, nicolae_vaults_little_squares_6,
          nicolae_vaults_little_squares_2, v_misc_8, layout_vaults_omnibox
Vaults:2: v_misc_9, v_misc_2, v_misc_2, grunt_vaults_swirl,
          minmay_crypt_entry_nasty_monster, hangedman_vaults_stretched_pinwheel,
          nicolae_vaults_little_squares_2, vaults_room_guarded_vault,
          vaults_dpeg_hooks, layout_vaults_quadrants
Vaults:3: vaults_room_fours, ontoclasm_vaults_idyll,
          nicolae_vaults_little_squares_3, dpeg_vaults_monster_row,
          nicolae_vaults_good_morning_starshine, hangedman_vaults_hat,
          ontoclasm_vaults_decontamination, nicolae_vaults_circle_grid_b,
          nicolae_vaults_little_squares_6, nicolae_vaults_theta,
          nicolae_vaults_yaktaur_gun_rack, ontoclasm_vaults_gateway,
          vaults_mumra_lcd, nicolae_vaults_ring_of_whatevers, v_misc_1,
          v_misc_1, v_alt_pattern_1, layout_vaults_maze_bifur, uniq_donald,
          uniq_jory, uniq_saint_roka

Skill      XL: |  1  2  3  4  5  6  7  8  9 10 11 12 13 14 15 16 17 18 19 |
---------------+----------------------------------------------------------+-----
Fighting       | 1 2 3 4 7 9 10 12 13 | 13.5
Spellcasting   | 3 4 5 6 7 8 9 10 11 12 13 | 13.0
Conjurations   | 5 6 7 8 9 10 12 13 | 13.7
Dodging        | 3 4 5 7 8 |  8.6
Stealth        | 3 4 6 7 8 |  8.1
Axes           | 3 6 10 11 12 | 12.0
Translocations | 3 6 7 |  7.1
Air Magic      | 3 4 |  4.0
Earth Magic    | 1 6 9 10 11 13 14 15 | 15.0
Shields        | 6 9 11 12 14 | 14.9
Fire Magic     | 4 6 7 8 10 | 10.4
Evocations     | 3 4 |  4.5
Transmutations | 1 4 5 |  5.1
Necromancy     | 2 6 7 |  7.0

Action                   |  1- 3 |  4- 6 |  7- 9 | 10-12 | 13-15 | 16-18 | 19-21 || total
-------------------------+-------+-------+-------+-------+-------+-------+-------++-------
Melee: Whip              |    15 |     3 |   108 |    62 |       |       |       ||   188
       Tailslap          |     2 |     2 |     7 |    32 |    56 |    76 |    26 ||   201
       War axe           |       |       |       |   325 |   647 |   413 |   119 ||  1504
       Headbutt          |       |       |       |       |     2 |   122 |    42 ||   166
       Staff             |       |       |       |       |       |    57 |    10 ||    67
 Cast: Magic Dart        |    74 |    65 |    83 |    73 |     7 |       |       ||   302
       Searing Ray       |       |     8 |    24 |    45 |       |       |       ||    77
       Foxfire           |       |       |    56 |    68 |    41 |    39 |       ||   204
       Mephitic Cloud    |       |       |     1 |    11 |       |       |       ||    12
       Iskenderun's Myst |       |       |       |    25 |    19 |       |       ||    44
       Lightning Bolt    |       |       |       |    25 |    14 |       |       ||    39
       Sticky Flame      |       |       |       |    25 |   110 |    17 |     1 ||   153
       Iron Shot         |       |       |       |     3 |   117 |   292 |   104 ||   516
       Iskenderun's Batt |       |       |       |       |     6 |       |     1 ||     7
       Ozocubu's Armour  |       |       |       |       |     3 |       |       ||     3
       Flame Wave        |       |       |       |       |    34 |    50 |    17 ||   101
       Irradiate         |       |       |       |       |     2 |    33 |     6 ||    41
       Manifold Assault  |       |       |       |       |     2 |     1 |       ||     3
       Borgnjor's Vile C |       |       |       |       |       |    36 |    16 ||    52
Evoke: Wand              |       |       |       |     6 |    13 |    20 |     9 ||    48
       Condenser vane    |       |       |       |       |     1 |     2 |     2 ||     5
       Tin of tremorston |       |       |       |       |       |     2 |     2 ||     4
  Use: Scroll            |       |     1 |     9 |    11 |    20 |     8 |     5 ||    54
       Potion            |       |       |       |       |     7 |     8 |     3 ||    18
 Stab: Confused          |       |       |       |     1 |     1 |       |     1 ||     3
       Sleeping          |       |       |       |     2 |     6 |     1 |       ||     9
       Distracted        |       |       |       |     2 |     2 |       |       ||     4
       Petrified         |       |       |       |       |    11 |       |       ||    11
Armor: Skin              |    11 |     9 |   103 |   272 |   633 |   418 |    87 ||  1533
Dodge: Dodged            |    21 |    29 |   155 |   489 |   673 |   335 |    76 ||  1778
Block: Kite shield       |       |       |       |       |   314 |   813 |   208 ||  1335
       Reflection        |       |       |       |       |       |    41 |     6 ||    47

Table legend: (Time is in decaauts)
 A = Elapsed time spent in this place.
 B = Non-inter-level travel time spent in this place.
 C = Inter-level travel time spent in this place.
 D = Time resting spent in this place.
 E = Time spent auto-exploring this place.
 F = Levels seen in this place.
 G = Mean time per level.
                   A        B        C        D        E       F      G
               +--------+--------+--------+--------+--------+-----+--------+
         Total |  56336 |  53671 |   2665 |  20987 |  23191 |  41 | 1374.0 |
       Dungeon |  19888 |  18477 |   1411 |   6230 |   9124 |  15 | 1325.9 |
        Temple |    143 |    130 |     13 |      0 |    113 |   1 |  143.0 |
          Lair |   6699 |   6192 |    507 |   1924 |   2978 |   6 | 1116.5 |
         Swamp |   6622 |   6419 |    203 |   3441 |   1734 |   4 | 1655.5 |
   Spider Nest |   7706 |   7521 |    185 |   3281 |   3194 |   4 | 1926.5 |
  Orcish Mines |   1950 |   1836 |    114 |    430 |    738 |   2 |  975.0 |
   Elven Halls |   2465 |   2339 |    126 |    906 |   1106 |   2 | 1232.5 |
        Vaults |   9304 |   9200 |    104 |   4175 |   3833 |   3 | 3101.3 |
        Bazaar |     62 |     62 |      0 |      0 |     51 |   1 |   62.0 |
        Bailey |     40 |     40 |      0 |      2 |      0 |   1 |   40.0 |
      Ice Cave |    919 |    919 |      0 |    447 |    197 |   1 |  919.0 |
      Gauntlet |    532 |    532 |      0 |    151 |    123 |   1 |  532.0 |
               +--------+--------+--------+--------+--------+-----+--------+

Top non-repeatable levels by time:
Vaults:3: 3302 daAuts
Vaults:1: 3024 daAuts
  Lair:2: 2991 daAuts
Vaults:2: 2978 daAuts
 Swamp:4: 2933 daAuts
Spider:3: 2840 daAuts
Spider:2: 2450 daAuts
   Elf:1: 2436 daAuts
     D:3: 1893 daAuts
    D:10: 1850 daAuts
     D:8: 1663 daAuts
    D:15: 1449 daAuts
     D:1: 1419 daAuts
 Swamp:1: 1405 daAuts
   Orc:2: 1379 daAuts
